 Dungeon Crawl Stone Soup version 0.16.2-2-g470672f (webtiles) character file.

342 Kineas the Skirmisher (level 6, -1/56 HPs)
             Began as a Minotaur Fighter on Aug 30, 2015.
             Shot with an arrow by a centaur (8 damage)
             ... on level 5 of the Dungeon.
             The game lasted 01:34:41 (4976 turns).

Kineas the Skirmisher (Minotaur Fighter)            Turns: 4976, Time: 01:34:41

Health: -1/56      AC:  9    Str: 20    XL:     6   Next: 30%
Magic:  3/3        EV:  6    Int:  7    God:
Gold:   173        SH:  9    Dex: 10    Spells: 0 memorised, 5 levels left

rFire  . . .     SeeInvis .     F - +0 hand axe
rCold  . . .     Clarity  .     u - +0 chain mail
rNeg   . . .     SustAb   .     c - +0 shield
rPois  .         Gourm    .     (helmet restricted)
rElec  .         Spirit   .     (no cloak)
rCorr  .         Warding  .     (no gloves)
rMut   .         Stasis   .     (no boots)
MR     .....                    (no amulet)
Stlth  ..........               (no ring)
                                (no ring)

@: not resistant to hostile enchantments, extremely unstealthy
A: retaliatory headbutt, horns 2
a: no special abilities


You were on level 5 of the Dungeon.
You were not hungry.

You visited 1 branch of the dungeon, and saw 5 of its levels.

You collected 173 gold pieces.

Inventory:

Hand weapons
 a - a +0 war axe
 e - a +2 quarterstaff of chaos
 g - a +0 club
 h - a +0 whip
 k - a +0 dagger
 q - a +0 mace
 r - a +0 hunting sling
 s - a +0 whip
 w - a +0 spear
 D - a +2 dagger of pain
 F - a +0 hand axe (weapon)
 L - a +0 trident
 P - a +0 flail
 T - a +0 hammer
 U - a +0 hand axe
Missiles
 p - 30 bolts
 v - 117 stones (quivered)
 A - 6 silver bolts
 E - 11 sling bullets of frost
 N - 17 arrows
Armour
 b - a +0 scale mail
 c - a +0 shield (worn)
 n - a +0 ring mail
 u - a +0 chain mail (worn)
 G - a +0 shield
 S - a +0 cloak
Jewellery
 m - a cursed -4 ring of dexterity {unknown}
 y - an uncursed amulet of guardian spirit {unknown}
 J - an uncursed ring of protection from cold {unknown}
Magical devices
 l - a wand of slowing (3)
Scrolls
 f - 3 scrolls of noise {unknown}
 t - 3 scrolls of remove curse {unknown}
 z - a scroll of amnesia {unknown}
 C - a scroll of fog {unknown}
 K - a scroll of blinking {unknown}
 O - a scroll of fear {unknown}
 Q - a scroll of identify {unknown}
Potions
 i - a potion of lignification {unknown}
 o - 2 potions of agility {unknown}
 x - a potion of haste {unknown}
 B - a potion of heal wounds {unknown}
 H - 3 potions of cure mutation {unknown}
 M - 2 potions of curing {unknown}
Comestibles
 d - a bread ration
 R - 3 fruits


   Skills:
 + Level 5.3 Fighting
 + Level 4.0 Axes
 + Level 2.0 Throwing
 + Level 4.7 Armour
 + Level 1.8 Dodging
 + Level 4.8 Shields
 + Level 0.2 Evocations


You had 5 spell levels left.
You didn't know any spells.

Dungeon Overview and Level Annotations

Branches:
Dungeon (5/15)
 Temple: D:4-7

Altars:
Dithmenos
Elyvilon
Makhleb
Ru

Annotations:
D:4 Grinder
D:5 Menkaure


Innate Abilities, Weirdness & Mutations

You reflexively headbutt those who attack you in melee.
You have a pair of horns on your head.


Message History

There is a stone staircase leading down here.
You block Menkaure's attack.
You climb downwards.
An orc comes into view. It is wielding a falchion.
Found a bubbling blue potion and a royal jelly.
There is a stone staircase leading up here.
Found a stone staircase leading down.
A centaur comes into view.
The centaur shouts!
Menkaure is no longer moving quickly.
The centaur wields a shortbow.
The centaur shoots an arrow.
You block the arrow.
You see here an arrow.
Menkaure closely misses you.
The centaur shoots an arrow.
The arrow hits you.
* * * LOW HITPOINT WARNING * * *
You see here an arrow.
Menkaure giggles, "These cerements are ticklish..."
Menkaure gestures at you while chanting.
You barely resist.
The centaur shoots an arrow.
The arrow hits you!
You die...

.... ### .....$ ..
<...... ..
#.####......#
...##...........#.
...................
#.#<#.......#
....##..M........##
>.......((o@!.....#
....##.....#.#.#....
..........#.#
...c#.....#.#
..........#.#
...#.#.#.#.#
..#.#...#.#
...####.# . .


You could see Menkaure, a centaur and an orc.

Vanquished Creatures
  A scorpion (D:4)
  A goliath beetle (D:4)
  A hound (D:2)
  Crazy Yiuf (D:3)
  2 worker ants (D:4)
  A hound skeleton (D:4)
  7 adders
  3 giant geckos
  7 orcs
  5 bats
  3 giant cockroaches
  9 goblins
  10 hobgoblins
  10 jackals
  A giant newt (D:2)
  3 kobolds
  2 quokkas (D:3)
  6 rats
73 creatures vanquished.

Notes
Turn   | Place    | Note
--------------------------------------------------------------
     0 | D:1      | Kineas, the Minotaur Fighter, began the quest for the Orb.
     0 | D:1      | Reached XP level 1. HP: 19/19 MP: 1/1
   112 | D:1      | Reached skill level 4 in Fighting
   112 | D:1      | Reached XP level 2. HP: 27/27 MP: 1/1
   711 | D:2      | Reached XP level 3. HP: 33/33 MP: 2/2
  1035 | D:2      | Found a sacrificial altar of Ru.
  1174 | D:2      | Found a burning altar of Makhleb.
  1182 | D:2      | Reached XP level 4. HP: 39/41 MP: 2/2
  1424 | D:3      | Found a white marble altar of Elyvilon.
  2291 | D:3      | Noticed Crazy Yiuf
  2300 | D:3      | Killed Crazy Yiuf
  2300 | D:3      | Reached skill level 1 in Dodging
  2300 | D:3      | Reached XP level 5. HP: 36/47 MP: 2/2
  3215 | D:4      | Reached skill level 1 in Throwing
  3588 | D:4      | Noticed Grinder
  3766 | D:4      | Found a shadowy altar of Dithmenos.
  3779 | D:4      | Reached skill level 5 in Fighting
  4102 | D:4      | Reached XP level 6. HP: 51/56 MP: 3/3
  4919 | D:4      | Noticed Menkaure
  4971 | D:5      | Entered Level 5 of the Dungeon
  4976 | D:5      | Shot with an arrow by a centaur

Action                   |  1- 3 |  4- 6 || total
-------------------------+-------+-------++-------
Melee: War axe           |    88 |    15 ||   103
       Hand axe          |       |   134 ||   134
Throw: Stone             |    17 |    76 ||    93
Evoke: Wand              |       |     5 ||     5
  Use: Potion            |     1 |     1 ||     2
  Eat: Bread ration      |     1 |       ||     1
       Beef jerky        |       |     2 ||     2
       Meat ration       |       |     1 ||     1
       Chunk             |       |     1 ||     1
